 Dungeon Crawl Stone Soup version 0.28.0-45-g0d030f2227 (webtiles) character file.

Game seed: 10783170017617231666

494 markt42 the Covered (level 7, -1/43 HPs)
             Began as a Gargoyle Fighter on May 4, 2022.
             Killed by nerve-wracking pain
             ... invoked by Grinder
              (5 damage)
             ... on level 4 of the Dungeon.
             The game lasted 00:03:31 (3082 turns).

markt42 the Covered (Gargoyle Fighter)              Turns: 3082, Time: 00:03:32

Health: -1/43      AC: 12    Str: 21    XL:     7   Next: 15%
Magic:  7/7        EV:  6    Int:  9    God:
Gold:   116        SH: 12    Dex: 11    Spells: 6/6 levels left

rFire   + + .      SeeInvis .   a - +1 flail
rCold   + . .      Faith    .   e - +0 tower shield
rNeg    + . .      Spirit   .   b - +0 scale mail
rPois   ∞          Reflect  .   (no helmet)
rElec   +          Harm     .   (no cloak)
rCorr   +          Rampage  .   (no gloves)
Will    .....                   (no boots)
Stlth   ..........              (no amulet)
HPRegen 0.14/turn               (no ring)
MPRegen 0.10/turn               (no ring)

@: resistant
A: sickness immunity, AC +4, negative energy resistance 1, electricity
resistance, torment resistance 1, petrification resistance, talons 1, fire
resistance 1, strong 1, MP-powered wands
a: no special abilities


You were on level 4 of the Dungeon.
You visited 1 branch of the dungeon, and saw 4 of its levels.

You collected 116 gold pieces.

Inventory:

Hand Weapons
 a - a +1 flail (weapon)
Armour
 b - a +0 scale mail (worn)
 e - a +0 tower shield (worn)
Scrolls
 j - a scroll of fear
Potions
 f - 5 potions of degeneration
 g - a potion of brilliance
 k - a potion of invisibility


   Skills:
 + Level 4.2 Fighting
 * Level 4.8 Maces & Flails
 * Level 6.0 Armour
 + Level 1.0 Dodging
 + Level 0.4 Stealth
 + Level 3.8 Shields


You had 6 spell levels left.
You didn't know any spells.
Your spell library contained the following spells:

 Spells                   Type           Power      Damage    Failure   Level
 Corpse Rot               Necr/Air       0%         N/A       100%        2
 Ensorcelled Hibernation  Hex/Ice        0%         N/A       100%        2
 Poisonous Vapours        Pois/Air       0%         N/A       100%        2
 Portal Projectile        Hex/Tloc       0%         N/A       100%        3
 Spider Form              Tmut/Pois      0%         N/A       100%        3
 Anguish                  Hex/Necr       0%         N/A       100%        4
 Blade Hands              Tmut           0%         N/A       100%        5
 Excruciating Wounds      Necr           0%         N/A       100%        5


Dungeon Overview and Level Annotations

Branches:
Dungeon (4/15)
 Temple: D:4-7

Altars:
Fedhas
Trog

Shops:
D:1 *

Annotations:
D:4 Grinder


Innate Abilities, Weirdness & Mutations

You are immune to sickness and miasma.
Your stone body is resilient. (AC +4)
You are immune to poison.
You resist negative energy. (rN+)
You are resistant to electric shocks. (rElec)
You are resistant to unholy torment.
You are immune to petrification.
You have sharp toenails.
Your flesh is heat resistant. (rF+)
Your muscles are strong. (Str +2)
You expend magic power (3 MP) to strengthen your wands.


Message History

Grinder is heavily wounded.
Grinder hits you but does no damage. You block Grinder's attack.
You barely miss Grinder. You claw Grinder, but do no damage.
Grinder is heavily wounded.
You block Grinder's attack.
You closely miss Grinder. Your kick misses Grinder.
Grinder is heavily wounded.
Grinder hits you but does no damage. Grinder gestures at you.
Pain shoots through your body!
* * * LOW HITPOINT WARNING * * *
You barely miss Grinder. Your kick misses Grinder.
Grinder is heavily wounded.
Grinder blinks!
Grinder hits you.
* * * LOW HITPOINT WARNING * * *
You closely miss Grinder.
Grinder is heavily wounded.
Grinder gestures at you.
You struggle to resist.
Grinder says, "I used to sell toenails on the black market."
Grinder barely misses you.
You hit Grinder.
Grinder is heavily wounded.
Grinder hits you but does no damage.
You hit Grinder.
Grinder is heavily wounded.
You block Grinder's attack. Grinder hits you.
* * * LOW HITPOINT WARNING * * *
You barely miss Grinder. You claw Grinder, but do no damage.
Grinder is heavily wounded.
You block Grinder's attack.
You feel protected. You block Grinder's attack.
You sock Grinder!
Grinder is severely wounded.
Grinder hits you but does no damage. Grinder gestures at you.
Pain shoots through your body!
You die...

#### ##..## ##....##
##<.....# #
#)......#...
###...........
#...5@........
#..............
#......#.....#.......
#########....##......
. ##....###.(... ..
♣♣♣♣♣ #....####....
... ♣♣...♣♣
......#...##.g..
♣♣.....♣♣
..........Z....
♣♣.......♣♣ #†..g.#
....


You could see Grinder.

Vanquished Creatures
  Sigmund (D:3)
  A black bear (D:4)
  A scorpion (D:4)
  Jessica (D:3)
  2 orc wizards (D:3)
  4 adders
  A white imp (D:3)
  A worm (D:3)
  2 dart slugs
  An orc (D:3)
  3 endoplasms
  3 giant cockroaches
  14 goblins
  4 hobgoblins
  2 quokkas
  3 ball pythons
  8 bats
  3 frilled lizards
  6 kobolds
  2 rats
63 creatures vanquished.

Vanquished Creatures (others)
  A fungus (D:2)
  7 plants
8 creatures vanquished.

Grand Total: 71 creatures vanquished

Notes
Turn   | Place    | Note
-------+----------+-------------------------------------------
     0 | D:1      | markt42 the Gargoyle Fighter began the quest for the Orb.
     0 | D:1      | Reached XP level 1. HP: 14/14 MP: 1/1
   248 | D:1      | Reached XP level 2. HP: 19/19 MP: 2/2
   524 | D:1      | Found Vogatug's Assorted Antiques.
   739 | D:2      | Reached XP level 3. HP: 15/23 MP: 3/3
  1105 | D:2      | Found a bloodstained altar of Trog.
  1169 | D:2      | Reached XP level 4. HP: 23/28 MP: 4/4
  1228 | D:2      | Found a faded altar of an unknown god.
  1279 | D:2      | Reached skill level 4 in Armour
  1424 | D:3      | Noticed Jessica
  1428 | D:3      | Gained mutation: Your mind is acute. (Int +2) [potion of
                  | mutation]
  1428 | D:3      | Gained mutation: You are frail. (-10% HP) [potion of
                  | mutation]
  1432 | D:3      | Killed Jessica
  1436 | D:3      | Lost mutation: You are frail. (-10% HP) [potion of
                  | mutation]
  1436 | D:3      | Lost mutation: Your mind is acute. (Int +2) [potion of
                  | mutation]
  1436 | D:3      | Gained mutation: You have hidden genetic potential. [potion
                  | of mutation]
  1436 | D:3      | Gained mutation: Your flesh is heat resistant. (rF+)
                  | [potion of mutation]
  1436 | D:3      | Gained mutation: You have sharp toenails. [potion of
                  | mutation]
  1439 | D:3      | Identified the +8 hand axe of Contradiction {freeze, *Noise
                  | Will+++ Str+2 Dex-4 Stlth+}
  1786 | D:3      | Noticed Sigmund
  1803 | D:3      | Killed Sigmund
  1804 | D:3      | Reached skill level 5 in Armour
  1804 | D:3      | Reached XP level 5. HP: 21/33 MP: 5/5
  1804 | D:3      | Reached XP level 6. HP: 24/38 MP: 6/6
  1805 | D:3      | Gained mutation: Your muscles are strong. (Str +2) [hidden
                  | potential]
  2533 | D:4      | Noticed a black bear
  2546 | D:4      | Killed a black bear
  2547 | D:4      | Reached skill level 1 in Dodging
  2741 | D:4      | Reached XP level 7. HP: 43/43 MP: 7/7
  2758 | D:4      | Found a blossoming altar of Fedhas.
  2783 | D:4      | Reached skill level 6 in Armour
  2809 | D:4      | Gained mutation: You expend magic power (3 MP) to
                  | strengthen your wands. [hidden potential]
  2809 | D:4      | Lost mutation: You have hidden genetic potential. [hidden
                  | potential expressed]
  3054 | D:4      | Noticed Grinder
  3061 | D:4      | Paralysed by Grinder for 3 turns
  3067 | D:4      | Paralysed by Grinder for 4 turns
  3082 | D:4      | Killed from afar by Grinder

Illustrated notes

Levels and vault maps discovered:
D:1:      amcnicky_arrival_gap_in_the_tavern_cellar, layout_rooms, serial_shops,
          nicolae_shop_overgrown_old_shop
D:2:      layout_rooms, basic_altar, dreamdust_ecumenical_altar_grove
D:3:      layout_rooms, uniq_sigmund, uniq_jessica
D:4:      layout_cave_pools, mainiacjoe_overflow_alcove_1,
          fedhas_altar_fruit_tree, nicolae_ossuary_entry_monument, uniq_grinder,
          uniq_crazy_yiuf_cottage

Skill      XL: |  1  2  3  4  5  6  7 |
---------------+----------------------+-----
Maces & Flails | 4 |  4.8
Armour         | 5 6 |  6.0
Fighting       | 4 |  4.2
Dodging        | 1 |  1.0
Stealth        | |  0.4
Shields        | |  3.8

Action                   |  1- 3 |  4- 6 |  7- 9 || total
-------------------------+-------+-------+-------++-------
Melee: Flail             |    98 |    83 |    25 ||   206
       Kick              |       |    22 |     5 ||    27
  Use: Potion            |       |     6 |     1 ||     7
       Scroll            |       |     8 |       ||     8
Armor: Scale mail        |    61 |    32 |    10 ||   103
Dodge: Dodged            |    54 |    34 |     3 ||    91
Block: Buckler           |    25 |    15 |       ||    40
       Tower shield      |       |       |    24 ||    24
